Workbook

Sheet AUXILIO
A1: ITEM | B1: DESCRIÇÃO/ESPECIFICAÇÃO | C1: CATMAT | D1: UNIDADE DE MEDIDA | E1: ICBS | F1: FARMÁCIA | G1: ICTA | H1: IPH | I1: CENECO | J1: QUÍMICA | K1: FAVET | L1: PROREXT | M1: CLN | N1: FAGRO | O1: CAP | P1: QUANTIDADE DICON-UFRGS | Q1: QUANTIDADE TOTAL | R1: REQ. MÍNIMA | S1: VALOR UNITÁRIO | T1: VALOR TOTAL
A2: 1
A3: 2
A4: 3
A5: 4

Sheet GERAL
A1: PREGÃO ELETRÔNICO SRP nº 90099/2025 | E1: identificar item
A2: PROCESSO SEI : | D2: 23078.559544/2023-80
B4: INFORMAÇÕES IMPORTANTES
A5: As Atas e Propostas das Empresas, poderão ser acessadas na íntegra no processo eletrônico acima indicado.
A7: ITEM | B7: ESPECIFICAÇÃO DO PRODUTO | C7: QUANT | D7: UNIDADE | E7: VALOR UNITÁRIO | F7: FORNECEDOR | G7: REQUISIÇÃO MÍNIMA | H7: ATA | I7: VIGÊNCIA
A8: 10 | B8: CAMISETA, TIPO UNISSEX, TIPO MANGA CURTA, TIPO GOLA CARECA, COR COM COR, TAMANHO VARIADOS, CARACTERÍSTICAS ADICIONAIS CONFORME MODELO DO ÓRGÃO, MATERIAL MALHA 100% ALGODÃO, FIO 30 | C8: 2700 | D8: UNIDADE | E8: 27.68 | F8: FCA INDÚSTRIA E COMÉRCIO LTDA CNPJ n°06.137.748/0001-17 Rua João do Pulo, nº 116, Parque Industrial I – Abílio Pereira Nunes, Mandaguari-Pr CEP 86975-000 Fone/Fax: (44) 3354-9010 E-mail: licitacoesfca@gmail.com/Banco: Caixa Econômica Agência: 1671 Conta: 3845-4 Banco: Banco Do Brasil - Agencia 1187-8 Conta corrente 115500-8/Representante Legal: NANDO CESAR AMORIM DE PAULA | G8: Não informado | H8: 081/2025 | I8: 46423
A9: 23 | B9: BOTINA MASCULINA, MATERIAL COURO, MATERIAL SOLA PVC- CLORETO DE POLIVINILA, MODELO COM ELÁSTICO, TIPO SOLA EXTRALEVE, CARACTERÍSTICAS ADICIONAIS COM BICO DE AÇO | C9: 180 | D9: PAR | E9: 46.43 | F9: LICERI COMERCIO DE PRODUTOS EM GERAL LTDA CNPJ: 26.950.671/0001-07 IE: 319/000424 Rua Peru, 80, Centro – Taquaruçu do Sul/RS CEP: 98410-000 Fone: (55) 3739-1043 E-mail: liceri@liceri.com.br/Banco: 748 Banco Cooperativo Sicredi S.A. / Agência: 0230 / Conta corrente: 05473-4 Banco: 001 Banco do Brasil S.A. / Agência 3749-4 / Conta Corrente: 15256-0/Representante Legal: Marcelo Augusto Cadoná | G9: Não informado | H9: 076/2025 | I9: 46457
A10: 33 | B10: LUVA PROTEÇÃO, MATERIAL COURO, TAMANHO SOB MEDIDA, TAMANHO CANO CURTO, CARACTERÍSTICAS ADICIONAIS PUNHO REFORÇADO COURO NAPA BOVINA, USO CAATINGA, COR CASTANHO CLARO | C10: 100 | D10: PAR | E10: 15.43 | F10: PROTEGGERE IND. COM. DE EPI’S EIRELI, inscrita no CNPJ sob o nº 12.670.981/0001-63, sito na Rua Casemiro de Abreu, n° 49, Bairro José Bonifácio, Erechim/RS, CEP 99.701-526/Samile Skomra; e-mail: vendas@proteggere.net.br e telefone: 54 3522 6485 (whatss)/Dados bancários para pagamento Banco do Brasil, Agência 0132-5 e CC 82.646-4 | G10: Não informado | H10: 127/2025 | I10: 46367
A11: 34 | B11: LUVA PROTEÇÃO, MATERIAL GRAFATEX/ARAMIDA, TAMANHO ÚNICO, TIPO 5 DEDOS, APLICAÇÃO PROTEÇÃO TÉRMICA, CARACTERÍSTICAS ADICIONAIS RESISTENTE ATÉ 2.500° C, FORRAÇÃO EM LÃ, TIPO USO REUTILIZÁVEL, FORMATO ANATÔMICO, USO LABORATÓRIO | C11: 30 | D11: PAR | E11: 276.54 | F11: Razão social: AVEC SOLUÇÕES LTDA CNPJ: 05.517.922/0001-94 Endereço: AVENIDA BRASIL, 830 – COLATINA – ES – CEP: 29.705-100 Telefone: (27) 99991-4019 / (27) 3722-2583 E-mail: avecsolucoes10@gmail.com Dados Bancários: Banco: 001 – BANCO DO BRASIL Ag.: 0112-0 N° Conta Corrente: 87236-9/Representante Legal: ISABEL AGUIAR BARBOSA CANI FAGUNDES | G11: Não informado | H11: 129/2025 | I11: 46366
A12: 38 | B12: MÁSCARA PROTEÇÃO RESP. C/ ANVISA, MODELO RESPIRADOR DOBRÁVEL, TIPO BICO DE PATO, MATERIAL CAMADAS FIBRAS SINTÉTICAS, FILTRO EFICIÊNCIA FILTRAÇÃO MÍN. 94% S, CLASSE PFF2, N95 OU EQUIVALENTE, ADICIONAL CARVÃO ATIVADO, COMPONENTE CLIPE NASAL, TIPO FIXAÇÃO TIRAS VEDAÇÃO ANATÔMICA, ADICIONAL 2 C/ VÁLVULA, COR C/ COR, TAMANHO ADULTO, ESTERILIDADE DESCARTÁVEL | C12: 1300 | D12: UNIDADE | E12: 3.66 | F12: PROTEGGERE IND. COM. DE EPI’S EIRELI, inscrita no CNPJ sob o nº 12.670.981/0001-63, sito na Rua Casemiro de Abreu, n° 49, Bairro José Bonifácio, Erechim/RS, CEP 99.701-526/Samile Skomra; e-mail: vendas@proteggere.net.br e telefone: 54 3522 6485 (whatss)/Dados bancários para pagamento Banco do Brasil, Agência 0132-5 e CC 82.646-4 | G12: Não informado | H12: 127/2025 | I12: 46367
A13: 42 | B13: ÓCULOS PROTEÇÃO, MATERIAL ARMAÇÃO POLICARBONATO, TIPO PROTEÇÃO LATERAL/ FRONTAL, TIPO LENTE ANTI-RISCO, COR LENTE INCOLOR, APLICAÇÃO PROTEÇÃO GERAL, CARACTERÍSTICAS ADICIONAIS COM HASTE DOBRÁVEL E REGULÁVEL | C13: 220 | D13: UNIDADE | E13: 4.68 | F13: J. J. Vitalli CNPJ: 08.658.622/0001‐13 I.E.: 049/0046894 Rua: Mauricio Cardoso,737 ‐ sala 03 ‐ Centro Frederico Westphalen‐RS CEP: 98400.000 Fone: (55) 3744‐1575 WhatsApp (55) 98443‐1575 E‐mail: jaime@vitaza.com.br | G13: Não informado | H13: 126/2025 | I13: 46365
A14: 49 | B14: RESPIRADOR, MATERIAL ELASTÔMERO, TAMANHO PEÇA FACIAL MÉDIO, APLICAÇÃO POEIRA, NÉVOA, FUMO, VAPOR E AGENTES BIOLÓGICOS, CARACTERÍSTICAS ADICIONAIS TIRAS P/ FIXAÇÃO, TIPO FACIAL INTEIRA, TIPO USO REUTILIZÁVEL, QUANTIDADE VÁLVULAS VÁLVULA DE EXALAÇÃO, E FILTRO INTERNO EM CARTUCHO | C14: 25 | D14: UNIDADE | E14: 937.02 | F14: EMPRESA: SF HCOMPANY SOLUÇÕES ESPECIALIZADA CNPJ: 40.411.391/0001-51 END.: RUA DOS ANTÚRIOS 793.BAIRRO: FRANCISCO PUPIM.CIDADE: BATATAIS - SP/CEP: 14.307-074 TELEFONE: (16) 99251-7844 / 99251-7831 | G14: Não informado | H14: 128/2025 | I14: 46365
A15: 50 | B15: RESPIRADOR, MATERIAL FIBRAS ENERGIZADAS COM CARGAS ELETROSTÁTICAS, APLICAÇÃO POEIRAS, NÉVOAS E VAPORES ORGÂNICOS ATÉ 50 PPM (F B, CARACTERÍSTICAS ADICIONAIS COM VÁLVULA DE EXALAÇÃO, TIPO SEMIFACIAL, TIPO USO DESCARTÁVEL, NORMAS TÉCNICAS CRF 42, PARTE 84 | C15: 80 | D15: UNIDADE | E15: 24.03 | F15: EMPRESA: SF HCOMPANY SOLUÇÕES ESPECIALIZADA CNPJ: 40.411.391/0001-51 END.: RUA DOS ANTÚRIOS 793.BAIRRO: FRANCISCO PUPIM.CIDADE: BATATAIS - SP/CEP: 14.307-074 TELEFONE: (16) 99251-7844 / 99251-7831 | G15: Não informado | H15: 128/2025 | I15: 46365

Sheet 10
A1: Pregão | B1: =GERAL!D1 -> 0
A2: Processo: | B2: =GERAL!D2 -> 23078.559544/2023-80
A4: Item: | B4: =GERAL!A8 -> 10
A5: Descrição: | B5: =GERAL!B8 -> CAMISETA, TIPO UNISSEX, TIPO MANGA CURTA, TIPO GOLA CARECA, COR COM COR, TAMANHO VARIADOS, CARACTERÍSTICAS ADICIONAIS CONFORME MODELO DO ÓRGÃO, MATERIAL MALHA 100% ALGODÃO, FIO 30
A6: Quantidade: | B6: =GERAL!C8 -> 2700 | C6: VLR Unitário | D6: =GERAL!E8 -> 27.68
A8: UGR | B8: Quantidade | C8: Observação | D8: Empenho | E8: Saldo
D9: 20 | E9: =B6-B9 -> 2700 | F9: =IF(E9=1,"Último",IF(E9=0,"Terminou","OK")) -> OK
E10: =E9-B10 -> 2700 | F10: =IF(E10=1,"Último",IF(E10=0,"Terminou","OK")) -> OK
E11: =E10-B11 -> 2700 | F11: =IF(E11=1,"Último",IF(E11=0,"Terminou","OK")) -> OK
E12: =E11-B12 -> 2700 | F12: =IF(E12=1,"Último",IF(E12=0,"Terminou","OK")) -> OK
E13: =E12-B13 -> 2700 | F13: =IF(E13=1,"Último",IF(E13=0,"Terminou","OK")) -> OK
E14: =E13-B14 -> 2700 | F14: =IF(E14=1,"Último",IF(E14=0,"Terminou","OK")) -> OK
E15: =E14-B15 -> 2700 | F15: =IF(E15=1,"Último",IF(E15=0,"Terminou","OK")) -> OK
E16: =E15-B16 -> 2700 | F16: =IF(E16=1,"Último",IF(E16=0,"Terminou","OK")) -> OK
E17: =E16-B17 -> 2700 | F17: =IF(E17=1,"Último",IF(E17=0,"Terminou","OK")) -> OK
E18: =E17-B18 -> 2700 | F18: =IF(E18=1,"Último",IF(E18=0,"Terminou","OK")) -> OK
E19: =E18-B19 -> 2700 | F19: =IF(E19=1,"Último",IF(E19=0,"Terminou","OK")) -> OK
E20: =E19-B20 -> 2700 | F20: =IF(E20=1,"Último",IF(E20=0,"Terminou","OK")) -> OK
E21: =E20-B21 -> 2700 | F21: =IF(E21=1,"Último",IF(E21=0,"Terminou","OK")) -> OK
... E35: =E34-B35 -> 2700 | F35: =IF(E35=1,"Último",IF(E35=0,"Terminou","OK")) -> OK

Sheet 23
A1: Pregão | B1: =GERAL!D1 -> 0
A2: Processo: | B2: =GERAL!D2 -> 23078.559544/2023-80
A4: Item: | B4: =GERAL!A9 -> 23
A5: Descrição: | B5: =GERAL!B9 -> BOTINA MASCULINA, MATERIAL COURO, MATERIAL SOLA PVC- CLORETO DE POLIVINILA, MODELO COM ELÁSTICO, TIPO SOLA EXTRALEVE, CARACTERÍSTICAS ADICIONAIS COM BICO DE AÇO
A6: Quantidade: | B6: =GERAL!C9 -> 180 | C6: VLR Unitário | D6: =GERAL!E9 -> 46.43
A8: UGR | B8: Quantidade | C8: Observação | D8: Empenho | E8: Saldo
E9: =B6-B9 -> 180 | F9: =IF(E9=1,"Último",IF(E9=0,"Terminou","OK")) -> OK
E10: =E9-B10 -> 180 | F10: =IF(E10=1,"Último",IF(E10=0,"Terminou","OK")) -> OK
E11: =E10-B11 -> 180 | F11: =IF(E11=1,"Último",IF(E11=0,"Terminou","OK")) -> OK
E12: =E11-B12 -> 180 | F12: =IF(E12=1,"Último",IF(E12=0,"Terminou","OK")) -> OK
E13: =E12-B13 -> 180 | F13: =IF(E13=1,"Último",IF(E13=0,"Terminou","OK")) -> OK
E14: =E13-B14 -> 180 | F14: =IF(E14=1,"Último",IF(E14=0,"Terminou","OK")) -> OK
E15: =E14-B15 -> 180 | F15: =IF(E15=1,"Último",IF(E15=0,"Terminou","OK")) -> OK
E16: =E15-B16 -> 180 | F16: =IF(E16=1,"Último",IF(E16=0,"Terminou","OK")) -> OK
E17: =E16-B17 -> 180 | F17: =IF(E17=1,"Último",IF(E17=0,"Terminou","OK")) -> OK
E18: =E17-B18 -> 180 | F18: =IF(E18=1,"Último",IF(E18=0,"Terminou","OK")) -> OK
E19: =E18-B19 -> 180 | F19: =IF(E19=1,"Último",IF(E19=0,"Terminou","OK")) -> OK
E20: =E19-B20 -> 180 | F20: =IF(E20=1,"Último",IF(E20=0,"Terminou","OK")) -> OK
E21: =E20-B21 -> 180 | F21: =IF(E21=1,"Último",IF(E21=0,"Terminou","OK")) -> OK
... E35: =E34-B35 -> 180 | F35: =IF(E35=1,"Último",IF(E35=0,"Terminou","OK")) -> OK

Sheet 33
A1: Pregão | B1: =GERAL!D1 -> 0
A2: Processo: | B2: =GERAL!D2 -> 23078.559544/2023-80
A4: Item: | B4: =GERAL!A10 -> 33
A5: Descrição: | B5: =GERAL!B10 -> LUVA PROTEÇÃO, MATERIAL COURO, TAMANHO SOB MEDIDA, TAMANHO CANO CURTO, CARACTERÍSTICAS ADICIONAIS PUNHO REFORÇADO COURO NAPA BOVINA, USO CAATINGA, COR CASTANHO CLARO
A6: Quantidade: | B6: =GERAL!C10 -> 100 | C6: VLR Unitário | D6: =GERAL!E10 -> 15.43
A8: UGR | B8: Quantidade | C8: Observação | D8: Empenho | E8: Saldo
E9: =B6-B9 -> 100 | F9: =IF(E9=1,"Último",IF(E9=0,"Terminou","OK")) -> OK
E10: =E9-B10 -> 100 | F10: =IF(E10=1,"Último",IF(E10=0,"Terminou","OK")) -> OK
E11: =E10-B11 -> 100 | F11: =IF(E11=1,"Último",IF(E11=0,"Terminou","OK")) -> OK
E12: =E11-B12 -> 100 | F12: =IF(E12=1,"Último",IF(E12=0,"Terminou","OK")) -> OK
E13: =E12-B13 -> 100 | F13: =IF(E13=1,"Último",IF(E13=0,"Terminou","OK")) -> OK
E14: =E13-B14 -> 100 | F14: =IF(E14=1,"Último",IF(E14=0,"Terminou","OK")) -> OK
E15: =E14-B15 -> 100 | F15: =IF(E15=1,"Último",IF(E15=0,"Terminou","OK")) -> OK
E16: =E15-B16 -> 100 | F16: =IF(E16=1,"Último",IF(E16=0,"Terminou","OK")) -> OK
E17: =E16-B17 -> 100 | F17: =IF(E17=1,"Último",IF(E17=0,"Terminou","OK")) -> OK
E18: =E17-B18 -> 100 | F18: =IF(E18=1,"Último",IF(E18=0,"Terminou","OK")) -> OK
E19: =E18-B19 -> 100 | F19: =IF(E19=1,"Último",IF(E19=0,"Terminou","OK")) -> OK
E20: =E19-B20 -> 100 | F20: =IF(E20=1,"Último",IF(E20=0,"Terminou","OK")) -> OK
E21: =E20-B21 -> 100 | F21: =IF(E21=1,"Último",IF(E21=0,"Terminou","OK")) -> OK
... E35: =E34-B35 -> 100 | F35: =IF(E35=1,"Último",IF(E35=0,"Terminou","OK")) -> OK

Sheet 34
A1: Pregão | B1: =GERAL!D1 -> 0
A2: Processo: | B2: =GERAL!D2 -> 23078.559544/2023-80
A4: Item: | B4: =GERAL!A11 -> 34
A5: Descrição: | B5: =GERAL!B11 -> LUVA PROTEÇÃO, MATERIAL GRAFATEX/ARAMIDA, TAMANHO ÚNICO, TIPO 5 DEDOS, APLICAÇÃO PROTEÇÃO TÉRMICA, CARACTERÍSTICAS ADICIONAIS RESISTENTE ATÉ 2.500° C, FORRAÇÃO EM LÃ, TIPO USO REUTILIZÁVEL, FORMATO ANATÔMICO, USO LABORATÓRIO
A6: Quantidade: | B6: =GERAL!C11 -> 30 | C6: VLR Unitário | D6: =GERAL!E11 -> 276.54
A8: UGR | B8: Quantidade | C8: Observação | D8: Empenho | E8: Saldo
A9: ICTA | B9: 2 | C9: 23078.550074/2026-31 em 12/08 | E9: =B6-B9 -> 28 | F9: =IF(E9=1,"Último",IF(E9=0,"Terminou","OK")) -> OK
E10: =E9-B10 -> 28 | F10: =IF(E10=1,"Último",IF(E10=0,"Terminou","OK")) -> OK
E11: =E10-B11 -> 28 | F11: =IF(E11=1,"Último",IF(E11=0,"Terminou","OK")) -> OK
E12: =E11-B12 -> 28 | F12: =IF(E12=1,"Último",IF(E12=0,"Terminou","OK")) -> OK
E13: =E12-B13 -> 28 | F13: =IF(E13=1,"Último",IF(E13=0,"Terminou","OK")) -> OK
E14: =E13-B14 -> 28 | F14: =IF(E14=1,"Último",IF(E14=0,"Terminou","OK")) -> OK
E15: =E14-B15 -> 28 | F15: =IF(E15=1,"Último",IF(E15=0,"Terminou","OK")) -> OK
E16: =E15-B16 -> 28 | F16: =IF(E16=1,"Último",IF(E16=0,"Terminou","OK")) -> OK
E17: =E16-B17 -> 28 | F17: =IF(E17=1,"Último",IF(E17=0,"Terminou","OK")) -> OK
E18: =E17-B18 -> 28 | F18: =IF(E18=1,"Último",IF(E18=0,"Terminou","OK")) -> OK
E19: =E18-B19 -> 28 | F19: =IF(E19=1,"Último",IF(E19=0,"Terminou","OK")) -> OK
E20: =E19-B20 -> 28 | F20: =IF(E20=1,"Último",IF(E20=0,"Terminou","OK")) -> OK
E21: =E20-B21 -> 28 | F21: =IF(E21=1,"Último",IF(E21=0,"Terminou","OK")) -> OK
... E35: =E34-B35 -> 28 | F35: =IF(E35=1,"Último",IF(E35=0,"Terminou","OK")) -> OK

Sheet 38
A1: Pregão | B1: =GERAL!D1 -> 0
A2: Processo: | B2: =GERAL!D2 -> 23078.559544/2023-80
A4: Item: | B4: =GERAL!A12 -> 38
A5: Descrição: | B5: =GERAL!B12 -> MÁSCARA PROTEÇÃO RESP. C/ ANVISA, MODELO RESPIRADOR DOBRÁVEL, TIPO BICO DE PATO, MATERIAL CAMADAS FIBRAS SINTÉTICAS, FILTRO EFICIÊNCIA FILTRAÇÃO MÍN. 94% S, CLASSE PFF2, N95 OU EQUIVALENTE, ADICIONAL CARVÃO ATIVADO, COMPONENTE CLIPE NASAL, TIPO FIXAÇÃO TIRAS VEDAÇÃO ANATÔMICA, ADICIONAL 2 C/ VÁLVULA, COR C/ COR, TAMANHO ADULTO, ESTERILIDADE DESCARTÁVEL
A6: Quantidade: | B6: =GERAL!C12 -> 1300 | C6: VLR Unitário | D6: =GERAL!E12 -> 3.66
A8: UGR | B8: Quantidade | C8: Observação | D8: Empenho | E8: Saldo
B9: 1300 | C9: Vi no Contratosgov que esta esgotado | E9: =B6-B9 -> 0 | F9: =IF(E9=1,"Último",IF(E9=0,"Terminou","OK")) -> Terminou
E10: =E9-B10 -> 0 | F10: =IF(E10=1,"Último",IF(E10=0,"Terminou","OK")) -> Terminou
E11: =E10-B11 -> 0 | F11: =IF(E11=1,"Último",IF(E11=0,"Terminou","OK")) -> Terminou
E12: =E11-B12 -> 0 | F12: =IF(E12=1,"Último",IF(E12=0,"Terminou","OK")) -> Terminou
E13: =E12-B13 -> 0 | F13: =IF(E13=1,"Último",IF(E13=0,"Terminou","OK")) -> Terminou
E14: =E13-B14 -> 0 | F14: =IF(E14=1,"Último",IF(E14=0,"Terminou","OK")) -> Terminou
E15: =E14-B15 -> 0 | F15: =IF(E15=1,"Último",IF(E15=0,"Terminou","OK")) -> Terminou
E16: =E15-B16 -> 0 | F16: =IF(E16=1,"Último",IF(E16=0,"Terminou","OK")) -> Terminou
E17: =E16-B17 -> 0 | F17: =IF(E17=1,"Último",IF(E17=0,"Terminou","OK")) -> Terminou
E18: =E17-B18 -> 0 | F18: =IF(E18=1,"Último",IF(E18=0,"Terminou","OK")) -> Terminou
E19: =E18-B19 -> 0 | F19: =IF(E19=1,"Último",IF(E19=0,"Terminou","OK")) -> Terminou
E20: =E19-B20 -> 0 | F20: =IF(E20=1,"Último",IF(E20=0,"Terminou","OK")) -> Terminou
E21: =E20-B21 -> 0 | F21: =IF(E21=1,"Último",IF(E21=0,"Terminou","OK")) -> Terminou
... E35: =E34-B35 -> 0 | F35: =IF(E35=1,"Último",IF(E35=0,"Terminou","OK")) -> Terminou

Sheet 42
A1: Pregão | B1: =GERAL!D1 -> 0
A2: Processo: | B2: =GERAL!D2 -> 23078.559544/2023-80
A4: Item: | B4: =GERAL!A13 -> 42
A5: Descrição: | B5: =GERAL!B13 -> ÓCULOS PROTEÇÃO, MATERIAL ARMAÇÃO POLICARBONATO, TIPO PROTEÇÃO LATERAL/ FRONTAL, TIPO LENTE ANTI-RISCO, COR LENTE INCOLOR, APLICAÇÃO PROTEÇÃO GERAL, CARACTERÍSTICAS ADICIONAIS COM HASTE DOBRÁVEL E REGULÁVEL
A6: Quantidade: | B6: =GERAL!C13 -> 220 | C6: VLR Unitário | D6: =GERAL!E13 -> 4.68
A8: UGR | B8: Quantidade | C8: Observação | D8: Empenho | E8: Saldo
E9: =B6-B9 -> 220 | F9: =IF(E9=1,"Último",IF(E9=0,"Terminou","OK")) -> OK
E10: =E9-B10 -> 220 | F10: =IF(E10=1,"Último",IF(E10=0,"Terminou","OK")) -> OK
E11: =E10-B11 -> 220 | F11: =IF(E11=1,"Último",IF(E11=0,"Terminou","OK")) -> OK
E12: =E11-B12 -> 220 | F12: =IF(E12=1,"Último",IF(E12=0,"Terminou","OK")) -> OK
E13: =E12-B13 -> 220 | F13: =IF(E13=1,"Último",IF(E13=0,"Terminou","OK")) -> OK
E14: =E13-B14 -> 220 | F14: =IF(E14=1,"Último",IF(E14=0,"Terminou","OK")) -> OK
E15: =E14-B15 -> 220 | F15: =IF(E15=1,"Último",IF(E15=0,"Terminou","OK")) -> OK
E16: =E15-B16 -> 220 | F16: =IF(E16=1,"Último",IF(E16=0,"Terminou","OK")) -> OK
E17: =E16-B17 -> 220 | F17: =IF(E17=1,"Último",IF(E17=0,"Terminou","OK")) -> OK
E18: =E17-B18 -> 220 | F18: =IF(E18=1,"Último",IF(E18=0,"Terminou","OK")) -> OK
E19: =E18-B19 -> 220 | F19: =IF(E19=1,"Último",IF(E19=0,"Terminou","OK")) -> OK
E20: =E19-B20 -> 220 | F20: =IF(E20=1,"Último",IF(E20=0,"Terminou","OK")) -> OK
E21: =E20-B21 -> 220 | F21: =IF(E21=1,"Último",IF(E21=0,"Terminou","OK")) -> OK
... E35: =E34-B35 -> 220 | F35: =IF(E35=1,"Último",IF(E35=0,"Terminou","OK")) -> OK

Sheet 49
A1: Pregão | B1: =GERAL!D1 -> 0
A2: Processo: | B2: =GERAL!D2 -> 23078.559544/2023-80
A4: Item: | B4: =GERAL!A14 -> 49
A5: Descrição: | B5: =GERAL!B14 -> RESPIRADOR, MATERIAL ELASTÔMERO, TAMANHO PEÇA FACIAL MÉDIO, APLICAÇÃO POEIRA, NÉVOA, FUMO, VAPOR E AGENTES BIOLÓGICOS, CARACTERÍSTICAS ADICIONAIS TIRAS P/ FIXAÇÃO, TIPO FACIAL INTEIRA, TIPO USO REUTILIZÁVEL, QUANTIDADE VÁLVULAS VÁLVULA DE EXALAÇÃO, E FILTRO INTERNO EM CARTUCHO
A6: Quantidade: | B6: =GERAL!C14 -> 25 | C6: VLR Unitário | D6: =GERAL!E14 -> 937.02
A8: UGR | B8: Quantidade | C8: Observação | D8: Empenho | E8: Saldo
A9: ICTA | B9: 1 | C9: 23078.550083/2026-22 em 12/08/26 | E9: =B6-B9 -> 24 | F9: =IF(E9=1,"Último",IF(E9=0,"Terminou","OK")) -> OK
E10: =E9-B10 -> 24 | F10: =IF(E10=1,"Último",IF(E10=0,"Terminou","OK")) -> OK
E11: =E10-B11 -> 24 | F11: =IF(E11=1,"Último",IF(E11=0,"Terminou","OK")) -> OK
E12: =E11-B12 -> 24 | F12: =IF(E12=1,"Último",IF(E12=0,"Terminou","OK")) -> OK
E13: =E12-B13 -> 24 | F13: =IF(E13=1,"Último",IF(E13=0,"Terminou","OK")) -> OK
E14: =E13-B14 -> 24 | F14: =IF(E14=1,"Último",IF(E14=0,"Terminou","OK")) -> OK
E15: =E14-B15 -> 24 | F15: =IF(E15=1,"Último",IF(E15=0,"Terminou","OK")) -> OK
E16: =E15-B16 -> 24 | F16: =IF(E16=1,"Último",IF(E16=0,"Terminou","OK")) -> OK
E17: =E16-B17 -> 24 | F17: =IF(E17=1,"Último",IF(E17=0,"Terminou","OK")) -> OK
E18: =E17-B18 -> 24 | F18: =IF(E18=1,"Último",IF(E18=0,"Terminou","OK")) -> OK
E19: =E18-B19 -> 24 | F19: =IF(E19=1,"Último",IF(E19=0,"Terminou","OK")) -> OK
E20: =E19-B20 -> 24 | F20: =IF(E20=1,"Último",IF(E20=0,"Terminou","OK")) -> OK
E21: =E20-B21 -> 24 | F21: =IF(E21=1,"Último",IF(E21=0,"Terminou","OK")) -> OK
... E35: =E34-B35 -> 24 | F35: =IF(E35=1,"Último",IF(E35=0,"Terminou","OK")) -> OK

Sheet 50
A1: Pregão | B1: =GERAL!D1 -> 0
A2: Processo: | B2: =GERAL!D2 -> 23078.559544/2023-80
A4: Item: | B4: =GERAL!A15 -> 50
A5: Descrição: | B5: =GERAL!B15 -> RESPIRADOR, MATERIAL FIBRAS ENERGIZADAS COM CARGAS ELETROSTÁTICAS, APLICAÇÃO POEIRAS, NÉVOAS E VAPORES ORGÂNICOS ATÉ 50 PPM (F B, CARACTERÍSTICAS ADICIONAIS COM VÁLVULA DE EXALAÇÃO, TIPO SEMIFACIAL, TIPO USO DESCARTÁVEL, NORMAS TÉCNICAS CRF 42, PARTE 84
A6: Quantidade: | B6: =GERAL!C15 -> 80 | C6: VLR Unitário | D6: =GERAL!E15 -> 24.03
A8: UGR | B8: Quantidade | C8: Observação | D8: Empenho | E8: Saldo
B9: 80 | C9: Vi no Contratosgov que esta esgotado | E9: =B6-B9 -> 0 | F9: =IF(E9=1,"Último",IF(E9=0,"Terminou","OK")) -> Terminou
E10: =E9-B10 -> 0 | F10: =IF(E10=1,"Último",IF(E10=0,"Terminou","OK")) -> Terminou
E11: =E10-B11 -> 0 | F11: =IF(E11=1,"Último",IF(E11=0,"Terminou","OK")) -> Terminou
E12: =E11-B12 -> 0 | F12: =IF(E12=1,"Último",IF(E12=0,"Terminou","OK")) -> Terminou
E13: =E12-B13 -> 0 | F13: =IF(E13=1,"Último",IF(E13=0,"Terminou","OK")) -> Terminou
E14: =E13-B14 -> 0 | F14: =IF(E14=1,"Último",IF(E14=0,"Terminou","OK")) -> Terminou
E15: =E14-B15 -> 0 | F15: =IF(E15=1,"Último",IF(E15=0,"Terminou","OK")) -> Terminou
E16: =E15-B16 -> 0 | F16: =IF(E16=1,"Último",IF(E16=0,"Terminou","OK")) -> Terminou
E17: =E16-B17 -> 0 | F17: =IF(E17=1,"Último",IF(E17=0,"Terminou","OK")) -> Terminou
E18: =E17-B18 -> 0 | F18: =IF(E18=1,"Último",IF(E18=0,"Terminou","OK")) -> Terminou
E19: =E18-B19 -> 0 | F19: =IF(E19=1,"Último",IF(E19=0,"Terminou","OK")) -> Terminou
E20: =E19-B20 -> 0 | F20: =IF(E20=1,"Último",IF(E20=0,"Terminou","OK")) -> Terminou
E21: =E20-B21 -> 0 | F21: =IF(E21=1,"Último",IF(E21=0,"Terminou","OK")) -> Terminou
... E35: =E34-B35 -> 0 | F35: =IF(E35=1,"Último",IF(E35=0,"Terminou","OK")) -> Terminou
